cohdb
Replays
Latest Replays
All Replays
Popular Replays
Top Player Replays
Match Explorer
How It Works
Community
CoH3 Stats
Reddit
Sign in to upload your games and track your stats! →
Sign in with Steam
Match 46496309
Unlisted
Match 46496309
Overview
Messages
Build Orders
End
Panzergrenadier Squad
Selects Panzerjäger Kommand Battlegroup
Selects Mine Fields
250 Light Carrier
Panzergrenadier Squad
Panzergrenadier Squad
Construct Light Support Kompanie
Selects Tank Busters
Fire Support Elements
Flakvierling Half-track
Selects Defensive Positions
2.5-tonne Medical Truck
Panzerjäger Mechanized Group
Flakvierling Half-track
Veteran Squad Leaders
Construct Mechanized Kompanie
Tungsten Core Ammunition
MG34 Team
Panzerjäger Mechanized Group
Advanced Field Repairs
Selects Crew Shock Tactics
Construct Panzerarmee Kommand
Panzer III L Medium Tank
Emergency Repair Kits
Selects Elefant Tank Destroyer
Selects Butterfly Bomb Drop
Elefant Tank Destroyer
Panzer III L Medium Tank
Butterfly Bomb Drop
Panzergrenadier Squad
Panzerjäger Mechanized Group
2.5-tonne Medical Truck
Butterfly Bomb Drop
Butterfly Bomb Drop
Pak 38 Anti-tank Gun Team
Panzerjäger Squad
2.5-tonne Medical Truck
le.IG 18 Mechanized Group
2.5-tonne Medical Truck
Butterfly Bomb Drop
Panzergrenadier Squad
Panzer III L Medium Tank
Panzerjäger Squad
Forest
INTOLERANT HISTORIAN♿
Herr Blautier
TBoR
0
0
Comments
sign in to comment!
No comments posted yet!